TOP OF THE 1ST |
Watertown Headhunters batting - Pitching for Gilbert Fire Fighters : RHP Robbie Hopps
|
Pitching: RHP Robbie Hopps
|
|
Batting: RHB John Weber
|
0-0: Ball 1-0: Ball 2-0: Called Strike 2-1: Ball 3-1: Base on Balls
|
Batting: RHB António Trevino
|
0-0: Ball 1-0: Called Strike 1-1: Ball 2-1: SINGLE (Groundball, 6MD) John Weber to second Runner from 2nd tries for 3rd, SAFE, no throw
|
Batting: LHB Javier Morales
|
0-0: Called Strike 0-1: Called Strike 0-2: Foul Ball, location: 2F 0-2: Fly out, F8 (Flyball, 8LM) Runner from 3rd tags up, SCORES, no throw
|
Batting: SHB Patrizio Batistuta
|
0-0: Ball 1-0: DOUBLE (Line Drive, 89S) António Trevino to third
|
Batting: LHB Wilson Turner
|
0-0: Ball 1-0: SINGLE (Groundball, 4MD) António Trevino scores Patrizio Batistuta to third Runner from 3rd tries for Home, SAFE, throw made home Wilson Turner to second
|
Batting: LHB Edward Norton
|
0-0: Swinging Strike 0-1: Ground out 6-3 (Groundball, 6D)
|
Batting: LHB William Mitchell
|
0-0: Swinging Strike 0-1: Swinging Strike 0-2: Ball 1-2: Strikes out swinging
|
Top of the 1st over - 3 run(s), 3 hit(s), 0 error(s), 1 left on base; Watertown 3 - Gilbert 0 |
BOTTOM OF THE 1ST |
Gilbert Fire Fighters batting - Pitching for Watertown Headhunters : RHP Carlos Encarnación
|
Pitching: RHP Carlos Encarnación
|
|
Batting: RHB Ramón Maldonado
|
0-0: Ball 1-0: Fly out, F9 (Flyball, 9LSF)
|
Batting: LHB Mark Sanders
|
0-0: Called Strike 0-1: Ball 1-1: Foul Ball, location: 2F 1-2: Foul Ball, location: 2F 1-2: Strikes out swinging
|
Batting: LHB Matt Moore
|
0-0: Called Strike 0-1: Fly out, F4 (Line Drive, 4M)
|
Bottom of the 1st over - 0 run(s), 0 hit(s), 0 error(s), 0 left on base; Watertown 3 - Gilbert 0 |
TOP OF THE 2ND |
Watertown Headhunters batting - Pitching for Gilbert Fire Fighters : RHP Robbie Hopps
|
Batting: RHB Albert Scott
|
0-0: Ball 1-0: Called Strike 1-1: Ball 2-1: Ball 3-1: SINGLE (Groundball, 34D)
|
Batting: RHB Millard Ford
|
0-0: Fielders Choice at 2nd, 3-6 (Groundball, 34)
|
Batting: RHB John Weber
|
0-0: Called Strike 0-1: Called Strike 0-2: Ball 1-2: Ball 2-2: Ball 3-2: Reached on error, E4 (Groundball, 4) Millard Ford to second
|
Batting: RHB António Trevino
|
0-0: Called Strike 0-1: Swinging Strike 0-2: Ball 1-2: Ball 2-2: Ball 3-2: Foul Ball, location: 2F 3-2: SINGLE (Groundball, 56S) (infield hit) Millard Ford to third John Weber to second
|
Batting: LHB Javier Morales
|
0-0: Ball 1-0: DOUBLE (Line Drive, 9LS) Millard Ford scores John Weber scores António Trevino to third Runner from 3rd tries for Home, SAFE, throw made home
|
Batting: SHB Patrizio Batistuta
|
0-0: Ball 1-0: Ball 2-0: Called Strike 2-1: Ground out 4-3 (Groundball, 4) Javier Morales to third
|
Batting: LHB Wilson Turner
|
0-0: Ball Passed Ball! Javier Morales scores 1-0: Swinging Strike 1-1: Called Strike 1-2: Ball 2-2: Strikes out swinging
|
Top of the 2nd over - 4 run(s), 3 hit(s), 1 error(s), 0 left on base; Watertown 7 - Gilbert 0 |
BOTTOM OF THE 2ND |
Gilbert Fire Fighters batting - Pitching for Watertown Headhunters : RHP Carlos Encarnación
|
Batting: RHB Bill Salinas
|
0-0: Ball 1-0: Ball 2-0: SINGLE (Line Drive, 89S)
|
Batting: SHB José Salazar
|
0-0: Called Strike 0-1: Swinging Strike 0-2: Ball 1-2: SINGLE (Groundball, 6) (infield hit) Bill Salinas to second
|
Batting: RHB John Field
|
0-0: Ball 1-0: Swinging Strike 1-1: Called Strike 1-2: Grounds into double play, 6-4-3 (Groundball, 6) Bill Salinas to third
|
Batting: RHB Jesús Acosta
|
0-0: Ball 1-0: Swinging Strike 1-1: Foul Ball, location: 2F 1-2: Ball 2-2: Strikes out swinging
|
Bottom of the 2nd over - 0 run(s), 2 hit(s), 0 error(s), 1 left on base; Watertown 7 - Gilbert 0 |
TOP OF THE 3RD |
Watertown Headhunters batting - Pitching for Gilbert Fire Fighters : RHP Robbie Hopps
|
Batting: LHB Edward Norton
|
0-0: Ball 1-0: Ball 2-0: Ball 3-0: Called Strike 3-1: Fly out, F7 (Flyball, 7S)
|
Batting: LHB William Mitchell
|
0-0: Called Strike 0-1: Called Strike 0-2: Ball 1-2: Ground out 1-3 (Groundball, 13S)
|
Batting: RHB Albert Scott
|
0-0: Ball 1-0: Ball 2-0: Called Strike 2-1: Ball 3-1: Swinging Strike 3-2: Strikes out swinging
|
Top of the 3rd over - 0 run(s), 0 hit(s), 0 error(s), 0 left on base; Watertown 7 - Gilbert 0 |
BOTTOM OF THE 3RD |
Gilbert Fire Fighters batting - Pitching for Watertown Headhunters : RHP Carlos Encarnación
|
Batting: RHB Iván Romero
|
0-0: Ball 1-0: Ball 2-0: Swinging Strike 2-1: Ball 3-1: Swinging Strike 3-2: Strikes out swinging
|
Batting: RHB Alfonso Santiago
|
0-0: Ball 1-0: Foul Ball, location: 2F 1-1: Swinging Strike 1-2: Ball 2-2: DOUBLE (Line Drive, 8RD)
|
Batting: RHB Ramón Maldonado
|
0-0: Ball 1-0: Ground out 5-3 (Groundball, 5)
|
Batting: LHB Mark Sanders
|
0-0: Called Strike 0-1: Called Strike 0-2: Foul Ball, location: 2F 0-2: Ground out 4-3 (Groundball, 4)
|
Bottom of the 3rd over - 0 run(s), 1 hit(s), 0 error(s), 1 left on base; Watertown 7 - Gilbert 0 |
TOP OF THE 4TH |
Watertown Headhunters batting - Pitching for Gilbert Fire Fighters : RHP Robbie Hopps
|
Batting: RHB Millard Ford
|
0-0: Ground out 6-3 (Groundball, 6)
|
Batting: RHB John Weber
|
0-0: Ground out 6-3 (Groundball, 6)
|
Batting: RHB António Trevino
|
0-0: Called Strike 0-1: SINGLE (Line Drive, 78S)
|
Pitching: RHP António Serrano
|
|
Batting: LHB Javier Morales
|
0-0: Ball 1-0: Ground out 4-3 (Groundball, 4M)
|
Top of the 4th over - 0 run(s), 1 hit(s), 0 error(s), 1 left on base; Watertown 7 - Gilbert 0 |
BOTTOM OF THE 4TH |
Gilbert Fire Fighters batting - Pitching for Watertown Headhunters : RHP Carlos Encarnación
|
Batting: LHB Matt Moore
|
0-0: Swinging Strike 0-1: Ball 1-1: SINGLE (Flyball, 9LS)
|
Batting: RHB Bill Salinas
|
0-0: 2-RUN HOME RUN (Flyball, 8LXD), Distance : 448 ft
|
Batting: SHB José Salazar
|
0-0: Ball 1-0: Foul Ball, location: 2F 1-1: Foul Ball, location: 2F 1-2: Foul Ball, location: 2F 1-2: Ball 2-2: Strikes out swinging
|
Batting: RHB John Field
|
0-0: Ball 1-0: Ball 2-0: Ball 3-0: Base on Balls
|
Batting: RHB Jesús Acosta
|
0-0: DOUBLE (Flyball, 89D) John Field to third
|
Batting: RHB Iván Romero
|
0-0: Called Strike 0-1: Ground out 6-3 (Groundball, 6) John Field scores
|
Batting: RHB Alfonso Santiago
|
0-0: Ball 1-0: Foul Ball, location: 2F 1-1: Ball 2-1: Swinging Strike 2-2: Fly out, F9 (Flyball, 9LM)
|
Bottom of the 4th over - 3 run(s), 3 hit(s), 0 error(s), 1 left on base; Watertown 7 - Gilbert 3 |
TOP OF THE 5TH |
Watertown Headhunters batting - Pitching for Gilbert Fire Fighters : RHP António Serrano
|
Batting: SHB Patrizio Batistuta
|
0-0: Ball 1-0: Called Strike 1-1: Called Strike 1-2: Ball 2-2: Foul Ball, location: 2F 2-2: Strikes out swinging, 2-3 out at first.
|
Batting: LHB Wilson Turner
|
0-0: Ball 1-0: Ground out 4-3 (Groundball, 4M)
|
Batting: LHB Edward Norton
|
0-0: Called Strike 0-1: Swinging Strike 0-2: Ball 1-2: Foul Ball, location: 2F 1-2: Ball 2-2: Strikes out looking
|
Top of the 5th over - 0 run(s), 0 hit(s), 0 error(s), 0 left on base; Watertown 7 - Gilbert 3 |
BOTTOM OF THE 5TH |
Gilbert Fire Fighters batting - Pitching for Watertown Headhunters : RHP Carlos Encarnación
|
Batting: RHB Ramón Maldonado
|
0-0: Ball 1-0: Ball 2-0: Foul Ball, location: 2F 2-1: Fly out, F7 (Line Drive, 7)
|
Batting: LHB Mark Sanders
|
0-0: Ball 1-0: Called Strike 1-1: Called Strike 1-2: Strikes out swinging
|
Batting: LHB Matt Moore
|
0-0: Called Strike 0-1: Ground out U3 (Groundball, 34S)
|
Bottom of the 5th over - 0 run(s), 0 hit(s), 0 error(s), 0 left on base; Watertown 7 - Gilbert 3 |
TOP OF THE 6TH |
Watertown Headhunters batting - Pitching for Gilbert Fire Fighters : RHP António Serrano
|
Batting: LHB William Mitchell
|
0-0: Ball 1-0: Called Strike 1-1: Ball 2-1: Called Strike 2-2: Strikes out looking
|
Batting: RHB Albert Scott
|
0-0: Called Strike 0-1: Ball 1-1: Ball 2-1: Ball 3-1: Fly out, F4 (Popup, 34)
|
Batting: RHB Millard Ford
|
0-0: Swinging Strike 0-1: Ball 1-1: Foul Ball, location: 2F 1-2: Strikes out swinging
|
Top of the 6th over - 0 run(s), 0 hit(s), 0 error(s), 0 left on base; Watertown 7 - Gilbert 3 |
BOTTOM OF THE 6TH |
Gilbert Fire Fighters batting - Pitching for Watertown Headhunters : RHP Carlos Encarnación
|
Batting: RHB Bill Salinas
|
0-0: Ball 1-0: Ball 2-0: Called Strike 2-1: Foul Ball, location: 2F 2-2: Ground out U3 (Groundball, 34)
|
Batting: SHB José Salazar
|
0-0: Called Strike 0-1: Fly out, F8 (Flyball, 8LD)
|
Batting: RHB John Field
|
0-0: Ball 1-0: Ground out 5-3 (Groundball, 56)
|
Bottom of the 6th over - 0 run(s), 0 hit(s), 0 error(s), 0 left on base; Watertown 7 - Gilbert 3 |
TOP OF THE 7TH |
Watertown Headhunters batting - Pitching for Gilbert Fire Fighters : RHP António Serrano
|
Batting: RHB John Weber
|
0-0: Foul Ball, location: 2F 0-1: Called Strike 0-2: Strikes out looking
|
Batting: RHB António Trevino
|
0-0: Ball 1-0: Foul Ball, location: 2F 1-1: Ground out 6-3 (Groundball, 6)
|
Batting: LHB Javier Morales
|
0-0: Called Strike 0-1: Ball 1-1: Ball 2-1: Fly out, F9 (Flyball, 89S)
|
Top of the 7th over - 0 run(s), 0 hit(s), 0 error(s), 0 left on base; Watertown 7 - Gilbert 3 |
BOTTOM OF THE 7TH |
Gilbert Fire Fighters batting - Pitching for Watertown Headhunters : RHP Carlos Encarnación
|
Pitching: RHP Mike Fitzpatrick
|
|
Batting: RHB Jesús Acosta
|
0-0: Called Strike 0-1: Ground out 4-3 (Groundball, 4)
|
Batting: RHB Iván Romero
|
0-0: Swinging Strike 0-1: Ground out 6-3 (Groundball, 6)
|
Batting: RHB Alfonso Santiago
|
0-0: Fly out, F8 (Flyball, 8RS)
|
Bottom of the 7th over - 0 run(s), 0 hit(s), 0 error(s), 0 left on base; Watertown 7 - Gilbert 3 |
TOP OF THE 8TH |
Watertown Headhunters batting - Pitching for Gilbert Fire Fighters : RHP António Serrano
|
Pitching: RHP Edgardo Castillo
|
|
Batting: SHB Patrizio Batistuta
|
0-0: SINGLE (Line Drive, 56D)
|
Batting: LHB Wilson Turner
|
0-0: SINGLE (Line Drive, 6MD) Patrizio Batistuta to second
|
Batting: LHB Edward Norton
|
0-0: Ball 1-0: Foul Ball, location: 2F 1-1: Fielders Choice at 2nd, 6-4 (Groundball, 6) Patrizio Batistuta to third
|
Batting: LHB William Mitchell
|
0-0: Called Strike 0-1: Ball 1-1: Foul Ball, location: 2F 1-2: Strikes out swinging
|
Batting: RHB Albert Scott
|
0-0: Ball Wild Pitch! Patrizio Batistuta scores Edward Norton to second 1-0: SINGLE (Line Drive, 56) Edward Norton to third Runner from 3rd tries for Home, SAFE, no throw
|
Batting: RHB Millard Ford
|
0-0: Called Strike 0-1: Ball 1-1: Foul Ball, location: 2F 1-2: Ball 2-2: Strikes out swinging
|
Top of the 8th over - 2 run(s), 3 hit(s), 0 error(s), 1 left on base; Watertown 9 - Gilbert 3 |
BOTTOM OF THE 8TH |
Gilbert Fire Fighters batting - Pitching for Watertown Headhunters : RHP Mike Fitzpatrick
|
Batting: RHB Ramón Maldonado
|
0-0: Called Strike 0-1: Ball 1-1: Called Strike 1-2: SINGLE (Groundball, 56) (infield hit)
|
Batting: LHB Mark Sanders
|
0-0: Ball 1-0: Called Strike 1-1: Ball 2-1: Fly out, F7 (Flyball, 78M)
|
Batting: LHB Matt Moore
|
0-0: Ball 1-0: Called Strike 1-1: Ball 2-1: Reached on error, E1 (Groundball, 15S) Ramón Maldonado to second
|
Batting: RHB Bill Salinas
|
0-0: Ground out 5-3 (Groundball, 56S) Ramón Maldonado to third Matt Moore to second
|
Batting: SHB José Salazar
|
0-0: Ball 1-0: Called Strike 1-1: Foul Ball, location: 2F 1-2: Ball 2-2: Strikes out swinging
|
Bottom of the 8th over - 0 run(s), 1 hit(s), 1 error(s), 2 left on base; Watertown 9 - Gilbert 3 |
TOP OF THE 9TH |
Watertown Headhunters batting - Pitching for Gilbert Fire Fighters : RHP Edgardo Castillo
|
Batting: RHB John Weber
|
0-0: Ball 1-0: Foul Ball, location: 2F 1-1: Ground out 6-3 (Groundball, 56)
|
Batting: RHB António Trevino
|
0-0: SINGLE (Groundball, 6D)
|
Batting: LHB Javier Morales
|
0-0: Called Strike 0-1: Ball 1-1: Ball 2-1: Foul Ball, location: 2F 2-2: Foul Ball, location: 2F 2-2: Ball 3-2: Ground out U3 (Groundball, 34) António Trevino to second
|
Batting: SHB Patrizio Batistuta
|
0-0: Fly out, F4 (Line Drive, 4)
|
Top of the 9th over - 0 run(s), 1 hit(s), 0 error(s), 1 left on base; Watertown 9 - Gilbert 3 |
BOTTOM OF THE 9TH |
Gilbert Fire Fighters batting - Pitching for Watertown Headhunters : RHP Mike Fitzpatrick
|
Batting: RHB John Field
|
0-0: Called Strike 0-1: Foul Ball, location: 2F 0-2: Strikes out swinging
|
Batting: RHB Jesús Acosta
|
0-0: Ball 1-0: Ball 2-0: Called Strike 2-1: Fly out, F4 (Line Drive, 4)
|
Batting: RHB Iván Romero
|
0-0: Swinging Strike 0-1: SINGLE (Groundball, 6) (infield hit)
|
Pinch Runner at 1st Jorge Álvarez:
|
|
Batting: RHB Alfonso Santiago
|
0-0: Ball 1-0: Called Strike 1-1: Fly out, F8 (Flyball, 8RM)
|
Bottom of the 9th over - 0 run(s), 1 hit(s), 0 error(s), 1 left on base; Watertown 9 - Gilbert 3 |
|